| TOP OF THE 1ST |
|
Sacramento River Cats batting - Pitching for Colorado Springs Sky Sox : LHP Jim McCutcheon
|
|
Pitching: LHP Jim McCutcheon
|
|
|
Batting: SHB Danny Garcia
|
0-0: Called Strike 0-1: Ball 1-1: Ball 2-1: Ball 3-1: Foul Ball, location: 2F 3-2: Base on Balls
|
|
Batting: RHB Hugo Zacarias
|
0-0: Ball 1-0: Ball 2-0: Swinging Strike 2-1: Grounds into double play, 6-4-3 (Groundball, 6D, EV 102.5 MPH)
|
|
Batting: RHB Nate Hodson
|
0-0: Foul Ball, location: 2F 0-1: Called Strike 0-2: Ball 1-2: Strikes out swinging
|
| Top of the 1st over - 0 runs, 0 hits, 0 errors, 0 left on base; Sacramento 0 - Colorado Springs 0 |
| BOTTOM OF THE 1ST |
|
Colorado Springs Sky Sox batting - Pitching for Sacramento River Cats : RHP Jorge Sosa
|
|
Pitching: RHP Jorge Sosa
|
|
|
Batting: RHB Kennet Strijbis
|
0-0: Bunt for hit to 5S - play at first, batter safe!
|
|
Batting: RHB Orlando Fernandez
|
0-0: Ball 1-0: Ball 2-0: Ball 3-0: Called Strike 3-1: Called Strike 3-2: Fielders Choice at 2nd, 5-4 (Groundball, 5, EV 85.6 MPH)
|
|
Batting: LHB Koson Hirai
|
0-0: Ball 1-0: Ball 2-0: Ball 3-0: Foul Ball, location: 2F 3-1: Fielders Choice at 2nd, 2-6 (Groundball, 13S, EV 68.1 MPH)
|
|
Batting: RHB Jayden Patterson
|
0-0: Ball 1-0: SINGLE (Groundball, 25, EV 75.0 MPH) (infield hit) Koson Hirai to second
|
|
Batting: RHB Devine Adams
|
0-0: Foul Ball, location: 2F 0-1: Fly out, F8 (Line Drive, 8LD, EV 96.2 MPH)
|
| Bottom of the 1st over - 0 runs, 2 hits, 0 errors, 2 left on base; Sacramento 0 - Colorado Springs 0 |
| TOP OF THE 2ND |
|
Sacramento River Cats batting - Pitching for Colorado Springs Sky Sox : LHP Jim McCutcheon
|
|
Batting: LHB Nate Conley
|
0-0: Foul Ball, location: 2F 0-1: Called Strike 0-2: Ball 1-2: Ball 2-2: Ball 3-2: Fly out, F8 (Line Drive, 8LM, EV 90.6 MPH)
|
|
Batting: SHB Jason Spradling
|
0-0: Ball 1-0: Foul Ball, location: 2F 1-1: DOUBLE (Line Drive, 3D, EV 100.0 MPH)
|
|
Batting: RHB Martin Guerrero
|
0-0: Foul Ball, location: 2F 0-1: Foul Ball, location: 2F 0-2: Ball 1-2: Ball 2-2: Foul Ball, location: 2F 2-2: Ground out 6-3 (Groundball, 6, EV 106.2 MPH)
|
|
Batting: RHB Roberto Duron
|
0-0: Called Strike 0-1: Ball 1-1: Foul Ball, location: 2F 1-2: Strikes out swinging
|
| Top of the 2nd over - 0 runs, 1 hit, 0 errors, 1 left on base; Sacramento 0 - Colorado Springs 0 |
| BOTTOM OF THE 2ND |
|
Colorado Springs Sky Sox batting - Pitching for Sacramento River Cats : RHP Jorge Sosa
|
|
Batting: RHB George Lundy
|
0-0: Called Strike 0-1: SINGLE (Groundball, 6MD, EV 97.5 MPH)
|
|
Batting: RHB Dwane Reed
|
0-0: Ball 1-0: Ball 2-0: Called Strike 2-1: Fielders Choice at 2nd, 6-4 (Groundball, 56, EV 86.9 MPH)
|
|
Batting: RHB Colin Lord
|
0-0: Fly out, F6 (Popup, 6M, EV 63.8 MPH)
|
|
Batting: RHB Enrique Vazquez
|
0-0: Ball 1-0: Ground out 6-3 (Groundball, 6S, EV 78.1 MPH)
|
| Bottom of the 2nd over - 0 runs, 1 hit, 0 errors, 1 left on base; Sacramento 0 - Colorado Springs 0 |
| TOP OF THE 3RD |
|
Sacramento River Cats batting - Pitching for Colorado Springs Sky Sox : LHP Jim McCutcheon
|
|
Batting: LHB Nick Swank
|
0-0: Ball 1-0: Ball 2-0: SINGLE (Line Drive, 4D, EV 100.0 MPH)
|
|
Batting: LHB Fred Arends
|
0-0: Fly out, F6 (Popup, 6, EV 68.8 MPH)
|
|
Batting: SHB Danny Garcia
|
0-0: SINGLE (Groundball, 6MS, EV 66.9 MPH) (infield hit) Nick Swank to second
|
|
Batting: RHB Hugo Zacarias
|
0-0: Ball 1-0: Ball 2-0: Grounds into double play, 3-6-3 (Groundball, 34, EV 90.6 MPH)
|
| Top of the 3rd over - 0 runs, 2 hits, 0 errors, 1 left on base; Sacramento 0 - Colorado Springs 0 |
| BOTTOM OF THE 3RD |
|
Colorado Springs Sky Sox batting - Pitching for Sacramento River Cats : RHP Jorge Sosa
|
|
Batting: RHB Kennet Strijbis
|
0-0: Foul Ball, location: 2F 0-1: Ball 1-1: Foul Ball, location: 2F 1-2: Foul Ball, location: 2F 1-2: DOUBLE (Line Drive, 7LS, EV 93.1 MPH)
|
|
Batting: RHB Orlando Fernandez
|
0-0: Ball 1-0: Foul Ball, location: 2F 1-1: Ball 2-1: Ball 3-1: Base on Balls
|
|
Batting: LHB Koson Hirai
|
0-0: Ball 1-0: Ball 2-0: Ball 3-0: Called Strike 3-1: SINGLE (Line Drive, 8LS, EV 99.4 MPH) Kennet Strijbis to third Orlando Fernandez to second
|
|
Batting: RHB Jayden Patterson
|
0-0: Ball 1-0: Ball 2-0: Foul Ball, location: 2F 2-1: Ball 3-1: SINGLE (Groundball, 56D, EV 96.2 MPH) Kennet Strijbis scores Orlando Fernandez to third Koson Hirai to second Runner from 3rd tries for Home, SAFE, throw by LF to home
|
|
Batting: RHB Devine Adams
|
0-0: Grounds into double play, 5-4-3 (Groundball, 56, EV 81.2 MPH) Koson Hirai to third
|
|
Batting: RHB George Lundy
|
0-0: Called Strike 0-1: Ball 1-1: Foul Ball, location: 2F 1-2: Foul Ball, location: 2F 1-2: Strikes out swinging
|
| Bottom of the 3rd over - 2 runs, 3 hits, 0 errors, 1 left on base; Sacramento 0 - Colorado Springs 2 |
| TOP OF THE 4TH |
|
Sacramento River Cats batting - Pitching for Colorado Springs Sky Sox : LHP Jim McCutcheon
|
|
Batting: RHB Nate Hodson
|
0-0: Called Strike 0-1: Ball 1-1: Ground out 5-3 (Groundball, 5, EV 105.6 MPH)
|
|
Batting: LHB Nate Conley
|
0-0: Foul Ball, location: 2F 0-1: Ball 1-1: DOUBLE (Line Drive, 8LXD, EV 110.6 MPH)
|
|
Batting: SHB Jason Spradling
|
0-0: Ball 1-0: Fly out, F8 (Flyball, 89M, EV 87.5 MPH)
|
|
Batting: RHB Martin Guerrero
|
0-0: Ball 1-0: Ball 2-0: Ball Wild Pitch! Nate Conley to third 3-0: Called Strike 3-1: Base on Balls
|
|
Batting: RHB Roberto Duron
|
0-0: Ball 1-0: Called Strike 1-1: Ball 2-1: Called Strike 2-2: SINGLE (Groundball, 6MD, EV 93.8 MPH) Nate Conley scores Martin Guerrero to second
|
|
Batting: LHB Nick Swank
|
0-0: Fielders Choice at 2nd, 6-4 (Groundball, 6, EV 85.0 MPH)
|
| Top of the 4th over - 1 run, 2 hits, 0 errors, 2 left on base; Sacramento 1 - Colorado Springs 2 |
| BOTTOM OF THE 4TH |
|
Colorado Springs Sky Sox batting - Pitching for Sacramento River Cats : RHP Jorge Sosa
|
|
Batting: RHB Dwane Reed
|
0-0: Ball 1-0: Fly out, F8 (Flyball, 8LS, EV 82.5 MPH)
|
|
Batting: RHB Colin Lord
|
0-0: Ball 1-0: Swinging Strike 1-1: Foul Ball, location: 2F 1-2: Foul Ball, location: 2F 1-2: Foul Ball, location: 2F 1-2: Ball 2-2: Strikes out swinging
|
|
Batting: RHB Enrique Vazquez
|
0-0: Ground out 5-3 (Groundball, 56, EV 81.2 MPH)
|
| Bottom of the 4th over - 0 runs, 0 hits, 0 errors, 0 left on base; Sacramento 1 - Colorado Springs 2 |
| TOP OF THE 5TH |
|
Sacramento River Cats batting - Pitching for Colorado Springs Sky Sox : LHP Jim McCutcheon
|
|
Batting: LHB Fred Arends
|
0-0: Ball 1-0: Ground out 5-3 (Groundball, 56, EV 103.1 MPH)
|
|
Batting: SHB Danny Garcia
|
0-0: Called Strike 0-1: Ball 1-1: Ground out 4-3 (Groundball, 4MS, EV 66.2 MPH)
|
|
Batting: RHB Hugo Zacarias
|
0-0: Ball 1-0: Ball 2-0: Foul Ball, location: 2F 2-1: Ball 3-1: Base on Balls
|
|
Batting: RHB Nate Hodson
|
0-0: Ball 1-0: Called Strike 1-1: Called Strike 1-2: Strikes out swinging
|
| Top of the 5th over - 0 runs, 0 hits, 0 errors, 1 left on base; Sacramento 1 - Colorado Springs 2 |
| BOTTOM OF THE 5TH |
|
Colorado Springs Sky Sox batting - Pitching for Sacramento River Cats : RHP Jorge Sosa
|
|
Batting: RHB Kennet Strijbis
|
0-0: Ground out 5-3 (Groundball, 5, EV 100.0 MPH)
|
|
Batting: RHB Orlando Fernandez
|
0-0: SINGLE (Groundball, 56, EV 95.6 MPH) (infield hit)
|
|
Batting: LHB Koson Hirai
|
0-0: Ball 1-0: Hit by Pitch Orlando Fernandez to second
|
|
Batting: RHB Jayden Patterson
|
0-0: Swinging Strike 0-1: Ball 1-1: Called Strike 1-2: Strikes out swinging
|
|
Batting: RHB Devine Adams
|
0-0: Ball 1-0: Fielders Choice at 2nd, 5-4 (Groundball, 56, EV 85.0 MPH)
|
| Bottom of the 5th over - 0 runs, 1 hit, 0 errors, 2 left on base; Sacramento 1 - Colorado Springs 2 |
| TOP OF THE 6TH |
|
Sacramento River Cats batting - Pitching for Colorado Springs Sky Sox : LHP Jim McCutcheon
|
|
Batting: LHB Nate Conley
|
0-0: Ground out 6-3 (Groundball, 6, EV 81.2 MPH)
|
|
Batting: SHB Jason Spradling
|
0-0: Called Strike 0-1: Ground out 5-3 (Groundball, 56, EV 80.0 MPH)
|
|
Batting: RHB Martin Guerrero
|
0-0: Ball 1-0: Swinging Strike 1-1: Ball 2-1: Swinging Strike 2-2: Strikes out swinging
|
| Top of the 6th over - 0 runs, 0 hits, 0 errors, 0 left on base; Sacramento 1 - Colorado Springs 2 |
| BOTTOM OF THE 6TH |
|
Colorado Springs Sky Sox batting - Pitching for Sacramento River Cats : RHP Jorge Sosa
|
|
Batting: RHB George Lundy
|
0-0: Fly out, F7 (Flyball, 7D, EV 82.5 MPH)
|
|
Batting: RHB Dwane Reed
|
0-0: Ball 1-0: Ground out 6-3 (Groundball, 6, EV 75.6 MPH)
|
|
Batting: RHB Colin Lord
|
0-0: Swinging Strike 0-1: Ball 1-1: Ball 2-1: Foul Ball, location: 2F 2-2: Foul Ball, location: 2F 2-2: Ground out 4-3 (Groundball, 4, EV 78.8 MPH)
|
| Bottom of the 6th over - 0 runs, 0 hits, 0 errors, 0 left on base; Sacramento 1 - Colorado Springs 2 |
| TOP OF THE 7TH |
|
Sacramento River Cats batting - Pitching for Colorado Springs Sky Sox : LHP Jim McCutcheon
|
|
Batting: RHB Roberto Duron
|
0-0: Called Strike 0-1: Called Strike 0-2: Foul Ball, location: 2F 0-2: Ground out 6-3 (Groundball, 4MS, EV 63.1 MPH)
|
|
Batting: LHB Nick Swank
|
0-0: Ball 1-0: Ball 2-0: SINGLE (Line Drive, 6D, EV 107.5 MPH)
|
|
Pinch Hitting: RHB Jason Gress
|
0-0: Foul Ball, location: 2F 0-1: Fielders Choice at 2nd, 6-4 (Groundball, 56D, EV 104.4 MPH)
|
|
Pitching: RHP Edwin Vasquez
|
|
|
Batting: SHB Danny Garcia
|
0-0: Ball 1-0: Ball 2-0: Ball 3-0: Called Strike 3-1: Base on Balls Jason Gress to second
|
|
Batting: RHB Hugo Zacarias
|
0-0: Ball 1-0: SINGLE (Line Drive, 34, EV 100.0 MPH) Jason Gress to third Danny Garcia to second Runner from 3rd tries for Home, SAFE, throw by RF to home
|
|
Batting: RHB Nate Hodson
|
0-0: Foul Ball, location: 2F 0-1: Ball 1-1: Foul Ball, location: 2F 1-2: Fielders Choice at 2nd, 6-4 (Groundball, 6, EV 85.0 MPH)
|
| Top of the 7th over - 1 run, 2 hits, 0 errors, 2 left on base; Sacramento 2 - Colorado Springs 2 |
| BOTTOM OF THE 7TH |
|
Colorado Springs Sky Sox batting - Pitching for Sacramento River Cats : RHP Jorge Sosa
|
|
Now in LF: Juan Gonzalez
|
|
|
Now in RF: Hugo Zacarias
|
|
|
Batting: RHB Enrique Vazquez
|
0-0: Ball 1-0: Ball 2-0: Foul Ball, location: 2F 2-1: Ground out U3 (Groundball, 3L, EV 101.2 MPH)
|
|
Batting: RHB Kennet Strijbis
|
0-0: Ball 1-0: Foul Ball, location: 2F 1-1: Foul Ball, location: 2F 1-2: SINGLE (Groundball, 4D, EV 105.6 MPH)
|
|
Batting: RHB Orlando Fernandez
|
0-0: Ball 1-0: Ball Kennet Strijbis steals 2nd base 2-0: Swinging Strike 2-1: Ball 3-1: Called Strike 3-2: Strikes out looking
|
|
Batting: LHB Koson Hirai
|
0-0: Foul Ball, location: 2F 0-1: SINGLE (Line Drive, 78S, EV 96.2 MPH) Kennet Strijbis to third Runner from 3rd tries for Home, SAFE, throw by LF to home
|
|
Batting: RHB Jayden Patterson
|
0-0: Swinging Strike 0-1: Called Strike 0-2: Foul Ball, location: 2F 0-2: Ball 1-2: Fielders Choice at 2nd, 5-4 (Groundball, 56, EV 82.5 MPH)
|
| Bottom of the 7th over - 1 run, 2 hits, 0 errors, 1 left on base; Sacramento 2 - Colorado Springs 3 |
| TOP OF THE 8TH |
|
Sacramento River Cats batting - Pitching for Colorado Springs Sky Sox : RHP Edwin Vasquez
|
|
Batting: LHB Nate Conley
|
0-0: Foul Ball, location: 2F 0-1: SOLO HOME RUN (Flyball, 9LD, EV 92.5 MPH), Distance : 361 ft
|
|
Batting: SHB Jason Spradling
|
0-0: Ground out 4-3 (Groundball, 4, EV 98.8 MPH)
|
|
Batting: RHB Martin Guerrero
|
0-0: Called Strike 0-1: Ground out 5-3 (Groundball, 56, EV 108.8 MPH)
|
|
Batting: LHB Dave Talbert
|
0-0: Ball 1-0: Swinging Strike 1-1: Ground out 4-3 (Groundball, 4MD, EV 85.6 MPH)
|
| Top of the 8th over - 1 run, 1 hit, 0 errors, 0 left on base; Sacramento 3 - Colorado Springs 3 |
| BOTTOM OF THE 8TH |
|
Colorado Springs Sky Sox batting - Pitching for Sacramento River Cats : RHP Jorge Sosa
|
|
Pitching: RHP Cortez Laris
|
|
|
Batting: RHB Devine Adams
|
0-0: Ball 1-0: Called Strike 1-1: Foul Ball, location: 2F 1-2: Fly out, F4 (Line Drive, 4, EV 74.4 MPH)
|
|
Batting: RHB George Lundy
|
0-0: Foul Ball, location: 2F 0-1: SINGLE (Groundball, 6MD, EV 103.8 MPH)
|
|
Pitching: RHP Herman Ruiz
|
|
|
Batting: RHB Dwane Reed
|
0-0: Ball 1-0: Called Strike 1-1: Ball 2-1: Fly out, F7 (Flyball, 78S, EV 80.0 MPH)
|
|
Batting: RHB Colin Lord
|
0-0: Ball 1-0: Foul Ball, location: 2F 1-1: Called Strike 1-2: Strikes out looking
|
| Bottom of the 8th over - 0 runs, 1 hit, 0 errors, 1 left on base; Sacramento 3 - Colorado Springs 3 |
| TOP OF THE 9TH |
|
Sacramento River Cats batting - Pitching for Colorado Springs Sky Sox : RHP Edwin Vasquez
|
|
Pitching: RHP Victor Castillo
|
|
|
Batting: LHB Nick Swank
|
0-0: Foul Ball, location: 2F 0-1: Ball 1-1: Swinging Strike 1-2: Ground out 6-3 (Groundball, 6, EV 80.6 MPH)
|
|
Batting: LHB Juan Gonzalez
|
0-0: Foul Ball, location: 2F 0-1: Foul Ball, location: 2F 0-2: Foul Ball, location: 2F 0-2: Ball 1-2: Strikes out looking
|
|
Batting: SHB Danny Garcia
|
0-0: Called Strike 0-1: Foul Ball, location: 2F 0-2: Foul Ball, location: 2F 0-2: Foul Ball, location: 2F 0-2: Ball 1-2: SINGLE (Groundball, 25, EV 70.6 MPH) (infield hit)
|
|
Batting: RHB Hugo Zacarias
|
0-0: Ball Danny Garcia steals 2nd base 1-0: Called Strike 1-1: Fly out, F8 (Flyball, 78XD, EV 101.9 MPH)
|
| Top of the 9th over - 0 runs, 1 hit, 0 errors, 1 left on base; Sacramento 3 - Colorado Springs 3 |
| BOTTOM OF THE 9TH |
|
Colorado Springs Sky Sox batting - Pitching for Sacramento River Cats : RHP Herman Ruiz
|
|
Batting: RHB Enrique Vazquez
|
0-0: Ball 1-0: Ball 2-0: Called Strike 2-1: Called Strike 2-2: Strikes out looking
|
|
Batting: RHB Kennet Strijbis
|
0-0: SINGLE (Groundball, 4M, EV 106.2 MPH) (infield hit)
|
|
Batting: RHB Orlando Fernandez
|
0-0: Called Strike Kennet Strijbis steals 2nd base 0-1: Ball 1-1: Called Strike 1-2: Strikes out swinging
|
|
Batting: LHB Koson Hirai
|
0-0: Ball 1-0: Ball 2-0: Fly out, F8 (Line Drive, 78M, EV 94.4 MPH)
|
| Bottom of the 9th over - 0 runs, 1 hit, 0 errors, 1 left on base; Sacramento 3 - Colorado Springs 3 |
| TOP OF THE 10TH |
|
Sacramento River Cats batting - Pitching for Colorado Springs Sky Sox : RHP Victor Castillo
|
|
Batting: RHB Nate Hodson
|
0-0: Ball 1-0: Ground out 6-3 (Groundball, 6, EV 86.9 MPH)
|
|
Batting: LHB Nate Conley
|
0-0: Foul Ball, location: 2F 0-1: Swinging Strike 0-2: Ball 1-2: Ball 2-2: Strikes out swinging
|
|
Batting: SHB Jason Spradling
|
0-0: Ball 1-0: Foul Ball, location: 2F 1-1: Ball 2-1: Ground out 5-3 (Groundball, 56S, EV 81.2 MPH)
|
| Top of the 10th over - 0 runs, 0 hits, 0 errors, 0 left on base; Sacramento 3 - Colorado Springs 3 |
| BOTTOM OF THE 10TH |
|
Colorado Springs Sky Sox batting - Pitching for Sacramento River Cats : RHP Herman Ruiz
|
|
Pitching: RHP Tim Rymut
|
|
|
Batting: RHB Jayden Patterson
|
0-0: Called Strike 0-1: Ground out 6-3 (Groundball, 6M, EV 85.0 MPH)
|
|
Batting: RHB Devine Adams
|
0-0: Ball 1-0: Called Strike 1-1: Ground out 4-3 (Groundball, 34, EV 98.8 MPH)
|
|
Batting: RHB George Lundy
|
0-0: Called Strike 0-1: Swinging Strike 0-2: Ball 1-2: Foul Ball, location: 2F 1-2: Strikes out swinging
|
| Bottom of the 10th over - 0 runs, 0 hits, 0 errors, 0 left on base; Sacramento 3 - Colorado Springs 3 |
| TOP OF THE 11TH |
|
Sacramento River Cats batting - Pitching for Colorado Springs Sky Sox : RHP Victor Castillo
|
|
Batting: RHB Martin Guerrero
|
0-0: Ball 1-0: Called Strike 1-1: Foul Ball, location: 2F 1-2: Ball 2-2: Foul Ball, location: 2F 2-2: Ball 3-2: Foul Ball, location: 2F 3-2: Reaches on Catchers interference
|
|
Batting: LHB Dave Talbert
|
0-0: DOUBLE (Flyball, 8LXD, EV 111.2 MPH) Martin Guerrero to third
|
|
Batting: LHB Nick Swank
|
0-0: SINGLE (Groundball, 56, EV 102.5 MPH) Martin Guerrero scores Dave Talbert to third Runner from 3rd tries for Home, SAFE, throw by LF to home Nick Swank to second
|
|
Batting: LHB Juan Gonzalez
|
0-0: Bunt missed! 0-1: Bunted foul 0-2: Ball 1-2: Ground out 5-3 (Groundball, 5, EV 86.2 MPH)
|
|
Batting: SHB Danny Garcia
|
0-0: Swinging Strike 0-1: Called Strike 0-2: Strikes out swinging
|
|
Batting: RHB Hugo Zacarias
|
0-0: Called Strike 0-1: Swinging Strike 0-2: Ball 1-2: Fly out, F8 (Flyball, 8RS, EV 80.6 MPH)
|
| Top of the 11th over - 2 runs, 2 hits, 1 error, 1 left on base; Sacramento 5 - Colorado Springs 3 |
| BOTTOM OF THE 11TH |
|
Colorado Springs Sky Sox batting - Pitching for Sacramento River Cats : RHP Tim Rymut
|
|
Batting: RHB Dwane Reed
|
0-0: Called Strike 0-1: Swinging Strike 0-2: Strikes out looking
|
|
Batting: RHB Colin Lord
|
0-0: Called Strike 0-1: DOUBLE (Flyball, 8RXD, EV 114.4 MPH)
|
|
Batting: RHB Enrique Vazquez
|
0-0: Called Strike 0-1: Foul Ball, location: 2F 0-2: Ball 1-2: Strikes out swinging
|
|
Batting: RHB Kennet Strijbis
|
0-0: Called Strike 0-1: Ball 1-1: SINGLE (Groundball, 56D, EV 103.1 MPH) Colin Lord to third
|
|
Batting: RHB Orlando Fernandez
|
0-0: Called Strike 0-1: Foul Ball, location: 2F 0-2: Ball 1-2: Strikes out looking
|
| Bottom of the 11th over - 0 runs, 2 hits, 0 errors, 2 left on base; Sacramento 5 - Colorado Springs 3 |
|